 Dungeon Crawl Stone Soup version 0.28.0-43-g3370ac3207 (webtiles) character file.

Game seed: 10376801363613546011

32641 CuBeRJAN3 the Fighter (level 13, -10/125 HPs)
             Began as a Yellow Draconian Berserker on Feb 1, 2022.
             Was an Elder of Trog.
             Mangled by a tentacled starspawn (24 damage)
             ... on level 5 of the Abyss on Mar 18, 2022.
             The game lasted 00:49:32 (14779 turns).

CuBeRJAN3 the Fighter (Yellow Draconian Berserker) Turns: 14779, Time: 00:49:32

Health: -10/125    AC:  5    Str: 32    XL:     13   Next: 32%
Magic:  13/13      EV: 17    Int:  7    God:    Trog [****..]
Gold:   691        SH:  0    Dex: 13    Spells: 12/12 levels left

rFire   . . .      SeeInvis .   T - +5 battleaxe (vamp)
rCold   . . .      Faith    .   (shield currently unavailable)
rNeg    . . .      Spirit   .   (armour unavailable)
rPois   .          Reflect  .   (helmet restricted)
rElec   .          Harm     .   (no cloak)
rCorr   +          Rampage  .   S - +2 pair of gloves of Tender Moments {Str+3}
Will    +....                   R - +1 pair of boots
Stlth   +.........              e - amulet of regeneration
HPRegen 0.00/turn               D - ring of willpower
MPRegen 0.13/turn               L - +6 ring of strength

@: brilliant, corroded, sick
A: spit acid, AC +8, unfitting armour, cold-blooded, acid resistance
a: Breathe Acid, Renounce Religion, Berserk, Trog's Hand, Brothers in Arms


You were on level 5 of the Abyss.
You worshipped Trog.
Trog was greatly pleased with you.
You visited 3 branches of the dungeon, and saw 16 of its levels.
You visited the Abyss 1 time.

You collected 839 gold pieces.
You spent 148 gold pieces at shops.

Inventory:

Hand Weapons
 a - a +4 vorpal broad axe
 b - a +1 hunting sling of flaming
 C - a +4 war axe
 T - a +5 vampiric battleaxe (weapon)
Missiles
 O - 4 throwing nets (quivered)
Armour
 z - an orb of light
 R - a +1 pair of boots (worn)
 S - the +2 pair of gloves of Tender Moments (worn) {Str+3}
   (You found it on level 3 of the Lair of Beasts)

   Str:       It affects your strength (+3).
Jewellery
 e - an amulet of regeneration (around neck)
 g - an amulet of faith
 i - a ring of resist corrosion
 j - a ring of protection from fire
 m - a ring of see invisible
 B - a ring of positive energy
 D - a ring of willpower (left hand)
 E - a +4 ring of slaying
 L - a +6 ring of strength (right hand)
Wands
 A - a wand of paralysis (10)
 H - a wand of iceblast (10)
 I - a wand of charming (5)
Scrolls
 h - 2 scrolls of torment
 n - 5 scrolls of blinking
 q - 2 scrolls of immolation
 t - 2 scrolls of noise {unknown}
 v - a scroll of magic mapping {unknown}
 x - a scroll of amnesia
 y - a scroll of summoning {unknown}
 G - 2 scrolls of vulnerability
 J - 2 scrolls of teleportation {unknown}
 K - 4 scrolls of identify
 M - 2 scrolls of fog {unknown}
 P - 2 scrolls of fear {unknown}
Potions
 c - 3 potions of lignification
 d - 7 potions of curing
 f - a potion of invisibility {unknown}
 k - 2 potions of flight {unknown}
 o - 3 potions of attraction
 p - 2 potions of degeneration {unknown}
 r - 3 potions of brilliance
 s - 4 potions of mutation
 u - 2 potions of might {unknown}
 F - 2 potions of berserk rage
 N - 3 potions of heal wounds
 Q - a potion of ambrosia {unknown}


   Skills:
 + Level 14.4 Fighting
 + Level 13.3 Axes
 + Level 12.2 Dodging
 + Level 8.5 Evocations


You had 12 spell levels left.
You didn't know any spells.
Your spell library was empty.

Dungeon Overview and Level Annotations

Branches:
Dungeon (11/15)            Temple (1/1) D:6            Lair (4/6) D:11
  Swamp (0/4) Lair:2          Orc (0/2) D:11
  Snake: Lair:2-4    Spider: Lair:2-4

Altars:
Ashenzari
Cheibriados
Dithmenos
Elyvilon
Fedhas
Gozag
Hepliaklqana
Kikubaaqudgha
Makhleb
Nemelex Xobeh
Okawaru
Qazlal
Ru
Sif Muna
Trog
Uskayaw
Vehumet
Wu Jian
Xom
Yredelemnul
Zin
The Shining One

Shops:
D:3 (   D:4 [

Annotations:
Lair:4 Sonja


Innate Abilities, Weirdness & Mutations

You can spit globs of acid.
Your golden yellow scales are hard. (AC +8)
You cannot fit into any form of body armour.
You are cold-blooded and may be slowed by cold attacks.
You are resistant to acid. (rCorr)


Message History

The worldbinder calls forth creatures from the Swamp!
The swamp drake roars!
You hear a shout!
The entropy weaver gestures at you while chanting.
It was a potion of brilliance.
You feel clever all of a sudden.
The entropy weaver gestures at you while chanting.
The entropic weave corrodes you!
It was a potion of heal wounds.
You feel much better.
The cyan very ugly thing trunk-slaps you but does no damage.
The worldbinder calls forth creatures from the Swamp!
The entropy weaver gestures at you while chanting.
The entropic weave corrodes you!
There are monsters nearby!
The entropy weaver casts a spell at you.
A guardian serpent comes into view.
Tentacles burst from the starspawn's body! 2 starspawn tentacles come into view.
The entropy weaver casts a spell at you.
The cyan very ugly thing trunk-slaps you.
The cyan very ugly thing shocks you!!
An ancient zyme comes into view.
The worldbinder calls forth creatures from the Swamp!
The goliath frog disappears in a puff of smoke!
The goliath frog hits you from afar!
You are splashed with acid.
You resist.
A small abomination comes into view.
The ancient zyme hits you but does no damage.
The ancient zyme closely misses you.
You feel ill.
The cyan very ugly thing trunk-slaps you!
* * * LOW HITPOINT WARNING * * *
The cyan very ugly thing shocks you!!
* * * LOW HITPOINT WARNING * * *
You feel ill.
The small abomination closely misses you.
An ancient zyme comes into view.
A tentacled starspawn comes into view.
You feel ill. The ancient zyme misses you.
The ancient zyme hits you but does no damage.
The small abomination completely misses you.
You feel ill. The tentacled starspawn bites you!!
You die...

#........#. .
.........
.......... #.
......####
#.##........#
#####..#.........
#...#............
.......u@x......
#.#...*x.X......
#.....x##.#....
#...F..# .# ###
##.x#### # ..
#.## .. # ##.##
.x #. .*F## . #.#
#x.#


You could see a cyan very ugly thing, a tentacled starspawn, a wretched star, 2
ancient zymes, a goliath frog (summoned), a worldbinder and a small abomination.

Vanquished Creatures
  Harold (Lair:2)
  3 hydras
  A boulder beetle (Lair:3)
  5 two-headed ogres
  A wolf spider (Lair:1)
  3 cyclopes
  6 elephants (Lair:4)
  2 black mambas
  Maurice (D:10)
  A gargoyle (D:11)
  4 komodo dragons
  6 cane toads
  A kobold demonologist (D:10)
  A troll (D:9)
  A polar bear (Lair:2)
  5 dream sheep (Lair:3)
  2 shadows
  A wraith (D:9)
  4 wyverns
  22 yaks
  A vampire (D:10)
  Eustachio (D:4)
  2 steam dragons (D:9)
  14 water moccasins
  An acid dragon (D:11)
  3 orc warriors
  An ice beast (D:7)
  A black bear (D:11)
  5 necrophages
  An ogre (D:6)
  21 wolves
  4 centaurs
  3 phantoms
  4 kobold brigands
  16 bullfrogs
  2 scorpions
  A gnoll sergeant (D:7)
  15 killer bees
  8 wights
  4 howler monkeys
  7 electric eels
  A bullfrog zombie (D:5)
  4 orc priests
  A centaur skeleton (D:7)
  2 gnoll shamans
  2 hounds
  3 bullfrog skeletons
  9 centaur zombies
  An iguana (D:5)
  7 orc wizards
  A hound zombie (D:4)
  2 hound skeletons (D:4)
  Robin (D:4)
  9 adders
  12 gnolls
  A white imp (D:5)
  An adder skeleton (D:4)
  A worm (D:5)
  2 dart slugs
  40 orcs
  4 bats
  4 endoplasms
  2 giant cockroaches (D:3)
  20 goblins
  5 hobgoblins
  6 quokkas
  5 ball pythons
  A frilled lizard (D:1)
  6 kobolds
  A rat (D:2)
340 creatures vanquished.

Vanquished Creatures (collateral kills)
  2 hydras
  A komodo dragon (Lair:3)
3 creatures vanquished.

Vanquished Creatures (others)
  38 fungi
  42 plants
  4 starspawn tentacles (Abyss:5)
84 creatures vanquished.

Grand Total: 427 creatures vanquished

Notes
Turn   | Place    | Note
-------+----------+-------------------------------------------
     0 | D:1      | CuBeRJAN3 the Draconian Berserker began the quest for the
                  | Orb.
     0 | D:1      | Reached XP level 1. HP: 19/19 MP: 1/1
   305 | D:1      | Reached XP level 2. HP: 24/26 MP: 2/2
   692 | D:2      | Reached XP level 3. HP: 24/33 MP: 3/3
  1375 | D:2      | Reached skill level 4 in Fighting
  1576 | D:2      | Reached ** piety under Trog
  1804 | D:3      | Reached XP level 4. HP: 40/40 MP: 4/4
  1925 | D:3      | Found a faded altar of an unknown god.
  2040 | D:3      | Found Ekozi's Antique Weapon Shop.
  2479 | D:4      | Noticed an ogre
  2543 | D:4      | Noticed a phantom
  2677 | D:4      | Noticed an ogre
  2883 | D:4      | Noticed Robin
  2903 | D:4      | Reached XP level 5. HP: 46/47 MP: 5/5
  2933 | D:4      | Killed Robin
  2934 | D:4      | Reached *** piety under Trog
  3029 | D:5      | Entered Level 5 of the Dungeon
  3294 | D:5      | Reached skill level 5 in Fighting
  3308 | D:5      | Reached XP level 6. HP: 51/56 MP: 6/6
  3737 | D:5      | Reached skill level 9 in Fighting
  3737 | D:5      | Your scales start taking on a golden yellow colour.
  3737 | D:5      | Reached XP level 7. HP: 70/70 MP: 7/7
  3737 | D:5      | Gained mutation: You are resistant to acid. (rCorr) [Yellow
                  | Draconian growth]
  3738 | D:5      | Reached skill level 11 in Fighting
  3738 | D:5      | Reached skill level 10 in Axes
  3738 | D:5      | Reached XP level 8. HP: 82/82 MP: 8/8
  4151 | D:4      | Noticed Eustachio
  4157 | D:4      | Killed Eustachio
  4300 | D:4      | Found Mibuupoe's Antique Armour Shoppe.
  4329 | D:4      | Bought a pair of gloves for 148 gold pieces
  4629 | D:6      | Found a staircase to the Ecumenical Temple.
  4654 | Temple   | Entered the Ecumenical Temple
  4921 | D:6      | Reached XP level 9. HP: 89/89 MP: 9/9
  5833 | D:7      | Reached skill level 1 in Evocations
  6216 | D:7      | Found a glowing golden altar of the Shining One.
  6367 | D:7      | Noticed a cyclops
  6375 | D:7      | Killed a cyclops
  6773 | D:7      | Reached XP level 10. HP: 54/97 MP: 10/10
  7423 | D:8      | Reached **** piety under Trog
  7468 | D:8      | Reached skill level 10 in Dodging
  7536 | D:8      | Reached skill level 12 in Fighting
  7918 | D:9      | Noticed a cyclops
  7935 | D:9      | Killed a cyclops
  7937 | D:9      | Reached XP level 11. HP: 104/104 MP: 11/11
  8216 | D:9      | Upgraded the game from 0.28-b1-25-g9875b3fc8c to
                  | 0.28.0-43-g3370ac3207
  8901 | D:10     | Entered Level 10 of the Dungeon
  9014 | D:10     | Noticed a two-headed ogre
  9028 | D:10     | Killed a two-headed ogre
  9072 | D:10     | Noticed a two-headed ogre
  9078 | D:10     | Killed a two-headed ogre
  9079 | D:10     | Reached skill level 5 in Evocations
  9406 | D:10     | Noticed a soul eater
  9548 | D:10     | Noticed Maurice
  9556 | D:10     | Killed Maurice
  9839 | D:11     | Found a staircase to the Orcish Mines.
  9851 | D:11     | Reached skill level 13 in Fighting
  9974 | D:11     | Noticed a two-headed ogre
  9979 | D:11     | Killed a two-headed ogre
 10057 | D:11     | Found a staircase to the Lair.
 10062 | D:11     | Noticed a four-headed hydra
 10062 | D:11     | Noticed a two-headed ogre
 10085 | D:11     | Killed a two-headed ogre
 10086 | D:11     | Reached XP level 12. HP: 115/115 MP: 12/12
 10088 | D:11     | Killed a six-headed hydra
 10696 | Lair:1   | Entered Level 1 of the Lair of Beasts
 11175 | Lair:1   | Reached ***** piety under Trog
 12228 | Lair:2   | Noticed a seven-headed hydra
 12234 | Lair:2   | Killed an eight-headed hydra
 12325 | Lair:2   | Found a staircase to the Swamp.
 12384 | Lair:2   | Noticed Harold
 12429 | Lair:2   | Killed Harold
 12970 | Lair:3   | Noticed an eight-headed hydra
 12982 | Lair:3   | Killed a 12-headed hydra
 12983 | Lair:3   | Reached skill level 14 in Fighting
 13113 | Lair:3   | Noticed a six-headed hydra
 13132 | Lair:3   | Killed a six-headed hydra
 13193 | Lair:3   | Noticed an eight-headed hydra
 13277 | Lair:3   | Reached XP level 13. HP: 118/124 MP: 13/13
 13703 | Lair:3   | Identified the +2 pair of gloves of Tender Moments {Str+3}
 14557 | Lair:4   | Noticed Sonja
 14569 | Lair:4   | Cast into level 1 of the Abyss (Sonja)
 14627 | Abyss:3  | Noticed a tentacled starspawn
 14634 | Abyss:4  | Found a corrupted altar of Lugonu.
 14653 | Abyss:4  | Noticed a starcursed mass
 14658 | Abyss:5  | Entered Level 5 of the Abyss
 14688 | Abyss:5  | Noticed a blizzard demon
 14709 | Abyss:5  | Noticed a cyan very ugly thing
 14710 | Abyss:5  | Noticed a cyan very ugly thing
 14710 | Abyss:5  | Noticed a cyan very ugly thing
 14738 | Abyss:5  | Noticed a tentacled starspawn
 14745 | Abyss:5  | Noticed a black draconian
 14752 | Abyss:5  | Noticed a starcursed mass
 14753 | Abyss:5  | Noticed a merfolk javelineer
 14756 | Abyss:5  | Noticed an entropy weaver
 14778 | Abyss:5  | Noticed a tentacled starspawn
 14779 | Abyss:5  | Mangled by a tentacled starspawn

Illustrated notes

Levels and vault maps discovered:
D:1:      eino_arrival_water_star, layout_basic
D:2:      layout_loops_ring, hex_medium, amcnicky_mini_rare_corridor_liquid
D:3:      layout_loops_ring, chequers_ecumenical_altar_twisty, serial_shops,
          shop, minivault_25, kennysheep_generic_room_15
D:4:      layout_gridville, serial_shops, shop, minmay_checkerbox, uniq_robin,
          uniq_eustachio
D:5:      layout_basic
D:6:      layout_cave_pods, minmay_temple_entry_mini_moons
D:7:      layout_gridville, nicolae_overflow_crystal_walls,
          ebering_dispersal_statue_hall
D:8:      argonaut_augean_stables, layout_basic, st_stairs_2
D:9:      layout_basic
D:10:     layout_cave_pools, uniq_maurice
D:11:     layout_grid_maze, due_lair_maze_entry_diamond, orc_0_dummy,
          serial_undead, serial_undead_d, serial_undead_c, serial_undead_d,
          serial_undead_f, serial_bayou_pond_a
Temple:   mainiacjoe_temple_hex_bubbles
Lair:1:   layout_regular_city, nicolae_lair_run_with_the_wolves,
          serial_bayou_shore_a, grunt_megastairs_2, serial_bayou_shore_b,
          serial_bayou_shore_b
Lair:2:   layout_regular_city, swamp_mist, grunt_megastairs_4, uniq_harold
Lair:3:   layout_hall_layers
Lair:4:   layout_concentric_octagons, nicolae_spider_entry_non_spiders,
          uniq_sonja
Abyss:5:  base: D:10, guppyfry_abyss_exit_imp_island,
          evilmike_abyss_rune_elephants_shrine, hangedman_abyss_batty_box,
          nicolae_abyss_rune_left_handed, nicolae_abyss_rune_left_handed

Skill      XL: |  1  2  3  4  5  6  7  8  9 10 11 12 13 |
---------------+----------------------------------------+-----
Dodging        | 3 4 8 9 10 11 12 | 12.2
Fighting       | 4 5 9 11 12 13 14 | 14.4
Axes           | 4 8 10 11 12 13 | 13.3
Evocations     | 2 4 6 7 8 |  8.5

Action                   |  1- 3 |  4- 6 |  7- 9 | 10-12 | 13-15 || total
-------------------------+-------+-------+-------+-------+-------++-------
Melee: Hand axe          |   112 |   118 |    21 |       |       ||   251
       Tailslap          |     9 |    13 |    25 |    69 |    13 ||   129
       Punch             |     1 |       |     6 |     3 |       ||    10
       Broad axe         |       |       |   176 |   375 |    27 ||   578
       Battleaxe         |       |       |       |       |    51 ||    51
Throw: Throwing net      |       |       |       |     2 |       ||     2
Invok: Berserk           |       |     2 |     2 |     9 |     1 ||    14
       Trog's Hand       |       |     1 |     1 |     5 |     4 ||    11
       Brothers in Arms  |       |       |       |     4 |       ||     4
 Abil: Breathe Acid      |       |       |     2 |    23 |     3 ||    28
Evoke: Wand              |       |       |       |     1 |       ||     1
  Use: Scroll            |       |     6 |     7 |     4 |     2 ||    19
       Potion            |       |     1 |     1 |       |     2 ||     4
 Stab: Sleeping          |       |       |     1 |       |       ||     1
Armor: Skin              |    20 |    35 |    58 |   115 |    41 ||   269
Dodge: Dodged            |    75 |    67 |   149 |   365 |   117 ||   773
